 Dungeon Sprint DCSS version 0.31-a0-276-ge00219d475 (webtiles) character file.

Game seed: 13173451013525547542

84 Conn the Firebug (level 4, -16/27 HPs)
             Began as an Octopode Fire Elementalist on July 15, 2023.
             Demolished by a human
             ... wielding a +0 whip
              (20 damage)
             ... in the Dungeon (Sprint III: "The Ten Rune Challenge").
             The game lasted 00:02:51 (422 turns).

Conn the Firebug (Octopode Fire Elementalist)        Turns: 422, Time: 00:02:53

Health: -16/27     AC:  3    Str:  6    XL:     4   Next: 46%
Magic:  2/10       EV: 14    Int: 18    God:
Gold:   25         SH:  0    Dex: 16    Spells: 8/11 levels left

rFire   . . .        (no weapon)
rCold   . . .        (no shield)
rNeg    . . .        (helmet restricted)
rPois   .            (no amulet)
rElec   .            (no ring)
rCorr   .            (no ring)
SInv    .            (no ring)
Will    .....        (no ring)
Stlth   ++++         (no ring)
HPRegen 0.24/turn    (no ring)
MPRegen 0.12/turn    (no ring)
                     (no ring)

%: no teleportation
@: hasted, very quick
A: almost no armour, amphibious, 8 rings, camouflage 1, gelatinous body 1,
(nimble swimmer 1), tentacles, iridescent scales 1, agile 1, evolution 1
a: no special abilities


You were in the Dungeon.
You visited 1 branch You collected 25 gold pieces.

Inventory:

Scrolls
 e - 2 scrolls of poison {unknown}
 g - a scroll of enchant weapon {unknown}
 i - a scroll of torment {unknown}
 j - a scroll of acquirement {unknown}
Potions
 a - 3 potions of magic
 b - a potion of curing
 h - 3 potions of enlightenment
 k - a potion of mutation


   Skills:
 + Level 3.5 Dodging
 + Level 4.3 Stealth
 - Level 0.3 Unarmed Combat
 + Level 4.3 Spellcasting
 + Level 2.1 Conjurations
 + Level 6.3 Fire Magic


You had 8 spell levels left.
You knew the following spells:

 Your Spells              Type           Power      Damage    Failure   Level
a - Foxfire               Conj/Fire      76%        2x1d7     2%          1
b - Scorch                Fire           52%        2d7       1%          2

Your spell library contained the following spells:

 Spells                   Type           Power      Damage    Failure   Level
 Inner Flame              Hex/Fire       15%        N/A       12%         3
 Volatile Blastmotes      Fire/Tloc      30%        2d12      12%         3
 Freeze                   Ice            12%        1d3       14%         1
 Flame Wave               Conj/Fire      19%        2d7       24%         4
 Hailstorm                Conj/Ice       7%         3d4       26%         3
 Freezing Cloud           Conj/Ice/Air   3%         6-21      96%         5
 Chain Lightning          Conj/Air       3%         3d4       100%        9


Dungeon Overview and Level Annotations

Branches:
Dungeon (1/1)

Altars:


Innate Abilities, Weirdness & Mutations

You cannot wear most types of armour.
You are amphibious.
You can wear up to eight rings at the same time.
Your skin changes colour to match your surroundings (Stealth+).
Your rubbery body absorbs attacks. (AC +1, EV +1)
((You are camouflaged when in or above water. (Stealth+)))
You have tentacles for arms and can constrict up to eight enemies at once.
You are partially covered in iridescent scales. (AC +2)
You are agile. (Dex +4, Str/Int -1)
You have hidden genetic potential.


Message History

You feel yourself speed up.
You hear a shout!
The human rages.
Casting: Scorch (safe; 1% risk of failure)
Confirm with . or Enter, or press ? or * to list all spells.
Okay, then.
You hear a shout!
You hear a shout!
You hear a shout!
The human rages.
There is a staircase leading out of the dungeon here.
Unknown command.
Unknown command.
Casting: Scorch (safe; 1% risk of failure)
Confirm with . or Enter, or press ? or * to list all spells.
Flames lash the human.
The human is lightly wounded.
The human's fire resistance burns away.
You feel much better. The human hits you with a +0 whip!
Ouch! That really hurt!
Okay, then.
Casting: Scorch (safe; 1% risk of failure)
Confirm with . or Enter, or press ? or * to list all spells.
Flames lash the human.
The human is burned terribly!
The human is lightly wounded.
The human hits you with a +0 whip!
* * * LOW HITPOINT WARNING * * *
Unknown command.
Casting: Scorch (safe; 1% risk of failure)
Confirm with . or Enter, or press ? or * to list all spells.
Flames lash the human.
The human is burned terribly!
The human is moderately wounded.
The human completely misses you.
Casting: Scorch (safe; 1% risk of failure)
Confirm with . or Enter, or press ? or * to list all spells.
Flames lash the human.
The human is burned terribly!
The human is heavily wounded.
The human hits you with a +0 whip!!
Ouch! That really hurt!
You die...

▓▓▓▓▓▓▓▓▓ ▓▓
▓@..#...#### ##.
▓p..#......#####..
▓..##.......#!.#..
▓##.##p##...#..#..
##.##.###..##'#.○
▓#.####.##..###.E.
▓.###..##..####.p.
▓#.p...##..###..p.
###..##...##.†...


You could see a human (berserk, combustible).

Vanquished Creatures
  A water elemental (D)
  A human (D)
  A phantom (D)
  An endoplasm (D)
  3 rats (D)
7 creatures vanquished.

Vanquished Creatures (others)
  25 foxfires (D)
25 creatures vanquished.

Grand Total: 32 creatures vanquished

Notes
Turn   | Place    | Note
-------+----------+-------------------------------------------
     0 | D        | Conn the Octopode Fire Elementalist began the quest for the
                  | Orb.
     0 | D        | Reached XP level 1. HP: 11/11 MP: 3/3
    63 | D        | Got the Lessons on the Brume and Graupel
   163 | D        | Reached skill level 4 in Fire Magic
   163 | D        | Reached XP level 2. HP: 17/17 MP: 0/5
   221 | D        | Learned a level 2 spell: Scorch
   233 | D        | Reached XP level 3. HP: 21/21 MP: 0/7
   301 | D        | Gained mutation: You are agile. (Dex +4, Str/Int -1)
                  | [potion of mutation]
   301 | D        | Gained mutation: You have hidden genetic potential. [potion
                  | of mutation]
   308 | D        | Noticed a water elemental
   311 | D        | Killed a water elemental
   312 | D        | Reached skill level 6 in Fire Magic
   312 | D        | Reached XP level 4. HP: 27/27 MP: 1/10
   321 | D        | Gained mutation: You are partially covered in iridescent
                  | scales. (AC +2) [hidden potential]
   386 | D        | Noticed a human
   386 | D        | Noticed a deep elf pyromancer
   386 | D        | Noticed a human
   387 | D        | Noticed a fire elemental
   390 | D        | Noticed a fire elemental
   392 | D        | Noticed a fire elemental
   392 | D        | Noticed a fire elemental
   422 | D        | Demolished by a human

Illustrated notes

Levels and vault maps discovered:
D:        dungeon_sprint_mu [sprint_mu_entry_cave, sprint_mu_temple_rooms,
          sprint_mu_d1_horrors, sprint_mu_d2_genie, sprint_mu_d3_branching,
          sprint_mu_orc_legion, sprint_mu_elf_gauntlet, sprint_mu_hive_nellie,
          sprint_mu_lair_fedhas, sprint_mu_vaults_butterflies,
          sprint_mu_slime_circle, sprint_mu_swamp_cave, sprint_mu_snake_twists,
          sprint_mu_blade_basic, sprint_mu_crypt_lich, sprint_mu_tomb_spiral,
          sprint_mu_vestibule_basic, sprint_mu_gehenna_hellfire,
          sprint_mu_dis_giant, sprint_mu_tartarus_statrot,
          sprint_mu_cocytus_islands, sprint_mu_zot1]

Skill      XL: |  1  2  3 |
---------------+----------+-----
Stealth        | 3 4 |  4.3
Fire Magic     | 4 6 |  6.3
Spellcasting   | 3 4 |  4.3
Dodging        | 3 |  3.5
Conjurations   | 2 |  2.1
Unarmed Combat | |  0.3

Action                     |  1- 3 |  4- 6 || total
---------------------------+-------+-------++-------
  Melee: Unarmed           |     6 |       ||     6
         Constrict         |     2 |       ||     2
         Tentacles         |     1 |       ||     1
   Cast: Foxfire           |    14 |       ||    14
         Scorch            |     4 |     4 ||     8
    Use: Potion            |     2 |     2 ||     4
         Scroll            |       |     1 ||     1
  Dodge: Dodged            |     5 |     2 ||     7

Table legend: (Time is in decaauts)
 A = Elapsed time spent in this place.
 B = Non-inter-level travel time spent in this place.
 C = Inter-level travel time spent in this place.
 D = Time resting spent in this place.
 E = Time spent auto-exploring this place.
 F = Levels seen in this place.
 G = Mean time per level.
                   A        B        C        D        E       F      G
               +--------+--------+--------+--------+--------+-----+--------+
         Total |    423 |    423 |      0 |    216 |     44 |   1 |  423.0 |
       Dungeon |    423 |    423 |      0 |    216 |     44 |   1 |  423.0 |
               +--------+--------+--------+--------+--------+-----+--------+

Top non-repeatable levels by time:
       D: 423 daAuts
